 Dungeon Crawl Stone Soup version 0.17.0-9-g801d43b (console) character file.

65 gw the Sneak (level 3, -8/25 HPs)
             Began as a High Elf Assassin on Nov 10, 2015.
             Killed from afar by an orc wizard (9 damage)
             ... with a magic dart
             ... on level 3 of the Dungeon.
             The game lasted 00:02:34 (1899 turns).

gw the Sneak (High Elf Assassin)                    Turns: 1899, Time: 00:02:34

Health: -8/25      AC:  5    Str: 10    XL:     3   Next: 94%
Magic:  4/4        EV: 12    Int: 15    God:
Gold:   219        SH:  0    Dex: 17    Spells: 0 memorised, 2 levels left

rFire  . . .     SeeInvis .     a - +2 dagger
rCold  . . .     Clarity  .     h - +0 leather armour
rNeg   . . .     SustAt   .     (no shield)
rPois  .         Gourm    .     (no helmet)
rElec  .         Spirit   .     d - +0 cloak
rCorr  .         Warding  .     (no gloves)
rMut   .         Stasis   .     c - +0 pair of boots
MR     .....                    (no amulet)
Stlth  +++.......               (no ring)
                                (no ring)

@: not resistant to hostile enchantments, fairly stealthy
A: no striking features
a: no special abilities


You were on level 3 of the Dungeon.
You were not hungry.

You visited 1 branch of the dungeon, and saw 3 of its levels.

You collected 219 gold pieces.

Inventory:

Hand Weapons
 a - a +2 dagger (weapon)
 b - a +0 blowgun
Armour
 c - a +0 pair of boots (worn)
 d - a +0 cloak (worn)
 h - a +0 leather armour (worn)
Comestibles
 g - 3 bread rations


   Skills:
 + Level 2.4 Fighting
 * Level 3.8 Short Blades
 + Level 2.9 Throwing
 + Level 1.5 Dodging
 - Level 4.3 Stealth


You had 2 spell levels left.
You didn't know any spells.

Dungeon Overview and Level Annotations

Branches:
Dungeon (3/15)

Altars:
Ashenzari
Kikubaaqudgha


Message History

The orc wizard looks braver for a moment.
Unknown command.
Unknown command.
Unknown command.
Unknown command.
ATTACK MOVE TO (0,1)
You hit the orc wizard but do no damage.
The orc wizard is moderately wounded.
The orc wizard casts a spell at you. The puff of flame hits you!
Unknown command.
Unknown command.
Unknown command.
Unknown command.
ATTACK MOVE TO (0,1)
You barely miss the orc wizard.
The orc wizard is moderately wounded.
The orc wizard gestures at you while chanting.
The magic dart hits you!
You die...

### #.. ########### #.#
#.........# #.#
#.#######.# #?# #.# #.#
#.# #.#### #.# #e#
#....####.###o###.##
#....................
####%.........#####(..#.
..............# .o#
.###.#)#####..# .(.
)###..........# #.
.......######.# ..####.#
#..


You could see an orc wizard.

Table legend:
 A = Turns spent in this place as a percentage of turns spent in the entire game.
 B = Non-inter-level travel turns spent in this place as a percentage of non-inter-level travel turns spent in the entire game.
 C = Inter-level travel turns spent in this place as a percentage of turns spent in this place.
 D = Turns resting spent in this place as a percentage of non-inter-level travel turns spent in this place.
 E = Turns spent auto-exploring this place as a percentage of non-inter-level travel turns spent in this place.
 F = Non-inter-level travel turns spent in this place divided by the number of levels of this place that you've seen.
                   A       B       C       D       E      F
               +-------+-------+-------+-------+-------+----------------------
         Total | 100.0 | 100.0 |   0.3 |   0.6 |   2.6 | 1188.3
       Dungeon | 100.0 | 100.0 |   0.3 |   0.6 |   2.6 | 1188.3
               +-------+-------+-------+-------+-------+----------------------

Table legend:
 A = Kills in this place as a percentage of kills in entire the game.
 B = Kills by you in this place as a percentage of kills by you in the entire game.
 C = Kills by friends in this place as a percentage of kills by friends in the entire game.
 D = Other kills in this place as a percentage of other kills in the entire game.
 E = Experience gained in this place as a percentage of experience gained in the entire game.
 F = Experience gained in this place divided by the number of levels of this place that you have seen.
                   A       B       C       D       E      F
               +-------+-------+-------+-------+-------+----------------------
         Total | 100.0 | 100.0 |  -nan |  -nan | 100.0 |  31.3
       Dungeon | 100.0 | 100.0 |  -nan |  -nan | 100.0 |  31.3
               +-------+-------+-------+-------+-------+----------------------

Vanquished Creatures
  A worm (D:2)
  3 orcs (D:3)
  A ball python (D:2)
  6 giant cockroaches
  5 goblins
  10 hobgoblins
  6 jackals
  5 bats
  2 giant newts
  11 kobolds
  3 rats
53 creatures vanquished.

Notes
Turn   | Place    | Note
--------------------------------------------------------------
     0 | D:1      | gw the High Elf Assassin began the quest for the Orb.
     0 | D:1      | Reached XP level 1. HP: 14/14 MP: 2/2
   210 | D:1      | Reached XP level 2. HP: 19/19 MP: 3/3
   869 | D:1      | Reached XP level 3. HP: 24/24 MP: 4/4
  1024 | D:2      | Found a shattered altar of Ashenzari.
  1410 | D:2      | Found an ancient bone altar of Kikubaaqudgha.
  1898 | D:3      | HP: 1/25 [orc wizard/puff of flame (6)]
  1899 | D:3      | Killed from afar by an orc wizard

Action                   || total
-------------------------++-------
Melee: Dagger            ||   116
 Fire: Blowgun           ||    77
 Stab: Sleeping          ||    25
       Distracted        ||     1
  Eat: Chunk             ||     3

Vault maps used:
D:1:      lemuel_arrival_tunnels
D:2:      kiku_gazebo_garden_becter, evilmike_ruin_ashenzari, first_bread,
          serial_park_tiny_1
D:3:      lemuel_doored_altar, serial_park_tiny_1
